 Dungeon Crawl Stone Soup version 0.18-a0-1572-g0a86841 (webtiles) character file.

2806 Psiweapon the Cleaver (level 9, -3/79 HPs)
             Began as a Hill Orc Gladiator on Mar 15, 2016.
             Was an Initiate of Qazlal.
             Slain by a vampire (10 damage)
             ... on level 7 of the Dungeon.
             The game lasted 00:31:56 (9688 turns).

Psiweapon the Cleaver (Hill Orc Gladiator)          Turns: 9688, Time: 00:31:57

Health: -3/79      AC:  7    Str: 18    XL:     9   Next: 72%
Magic:  3/3        EV:  9    Int:  8    God:    Qazlal [......]
Gold:   244        SH:  7    Dex: 14    Spells: 0 memorised, 8 levels left

rFire  . . .     SeeInvis .     G - +3 hand axe (antimagic)
rCold  . . .     Gourm    .     m - +0 leather armour
rNeg   . . .     Faith    .     h - +0 shield
rPois  .         Spirit   .     c - +0 helmet
rElec  .         Dismiss  .     H - +1 cloak
rCorr  .         Reflect  .     (no gloves)
SustAt .         Harm     .     (no boots)
MR     .....                    u - amulet of rage
Stlth  +.........               (no ring)
                                (no ring)

@: lethally poisoned (-3 -> -8), not resistant to hostile enchantments, very
unstealthy
A: no striking features
a: Renounce Religion, Evoke Berserk Rage


You were on level 7 of the Dungeon.
You worshipped Qazlal.
Qazlal was noncommittal.
You were not hungry.

You visited 2 branches of the dungeon, and saw 8 of its levels.

You collected 244 gold pieces.

Inventory:

Hand Weapons
 a - a +0 war axe
 b - a +0 hunting sling
 D - a +3 club
 E - a +2 quarterstaff of chaos
 G - a +3 antimagic hand axe (weapon)
 M - a cursed -1 trident
 O - a +0 great mace
Missiles
 d - 2 throwing nets
 e - a javelin (quivered)
 j - 139 stones
 r - 25 sling bullets
 y - 83 bolts
Armour
 c - a +0 helmet (worn)
 h - a +0 shield (worn)
 m - a +0 leather armour (worn)
 F - a +0 cloak
 H - a +1 cloak (worn)
 L - a +0 pair of gloves
Jewellery
 u - an amulet of rage (around neck)
Scrolls
 g - 2 scrolls of remove curse {unknown}
 i - 3 scrolls of identify
 k - 2 scrolls of enchant weapon
 n - 3 scrolls of magic mapping {unknown}
 o - a scroll of random uselessness {unknown}
 w - a scroll of blinking {unknown}
 x - a scroll of fog {unknown}
 z - a scroll of immolation {unknown}
 A - a scroll of fear {unknown}
 I - a scroll of enchant armour {unknown}
 N - a scroll of teleportation {unknown}
 P - a scroll of recharging {unknown}
Potions
 l - a potion of heal wounds
 p - a potion of haste
 q - a potion of cancellation
 v - 2 potions of invisibility
 B - 2 potions of curing
 C - a potion of brilliance
 J - a potion of flight
Comestibles
 f - 4 bread rations
 s - a beef jerky
 t - 3 meat rations
 K - 3 fruits
 Q - 7 chunks of flesh


   Skills:
 - Level 7.3 Fighting
 - Level 12.7 Axes
 - Level 1.7 Throwing
 + Level 6.8 Armour
 - Level 2.5 Dodging
 + Level 2.3 Invocations


You had 8 spell levels left.
You didn't know any spells.

Dungeon Overview and Level Annotations

Branches:
Dungeon (7/15)             Temple (1/1) D:4

Altars:
Elyvilon
Fedhas
Gozag
Pakellas
Qazlal
Ru
Sif Muna
Vehumet
Xom
Yredelemnul

Shops:
D:5 [


Message History

You barely miss something.
You feel sick. Something hits you but does no damage.
You block something's attack.
Your shield prevents you from hitting something.
You feel sick. Something hits you! Something bites you but does no damage.
You hit something.
You feel sick. Something hits you. Something bites you!
Something draws strength from your injuries!
Your shield prevents you from hitting something.
You feel sick.
You hit something but do no damage. Something hits you.
Something bites you but does no damage.
You slash something!
You feel sick. You block something's attack.
Something bites you but does no damage.
You barely miss something.
You feel sick. Something hits you but does no damage. Something bites you.
* * * LOW HITPOINT WARNING * * *
Something draws strength from your injuries!
You completely miss something. Something hits you!
* * * LOW HITPOINT WARNING * * *
Something bites you!
You die...

#.... #....##
.....# .(..# .(.#
..# #.#
###########
#@#####.........#
#.......#####<..#
#######.# #####
#... #####


There were no monsters in sight!

Vanquished Creatures
  The ghost of trgk the Covert, a novice SpEn (D:4)
  Grinder (D:5)
  Sigmund (D:5)
  Edmund (D:5)
  A water moccasin (D:7)
  Duvessa (D:5)
  Purgy (D:3)
  2 orc warriors
  4 ogres
  A centaur (D:6)
  Dowan (D:5)
  2 scorpions
  A killer bee (D:7)
  3 howler monkeys
  3 crimson imps
  3 hounds
  A jelly (D:5)
  Crazy Yiuf (D:3)
  3 orc priests
  6 orc wizards
  2 giant frog skeletons
  Jessica (D:3)
  An iguana (D:4)
  3 worker ants
  A killer bee zombie (D:5)
  3 gnolls
  4 adders
  A shadow imp (D:5)
  An ooze (D:2)
  5 worms
  A dart slug (D:2)
  5 giant geckos
  32 orcs
  6 bats
  7 giant cockroaches
  5 hobgoblins
  7 jackals (D:3)
  2 quokkas
  A giant gecko skeleton (D:5)
  4 giant newts
  8 goblins
  2 jackal skeletons
  5 kobolds
  7 rats
152 creatures vanquished.

Notes
Turn   | Place    | Note
--------------------------------------------------------------
     0 | D:1      | Psiweapon the Hill Orc Gladiator began the quest for the Orb.
     0 | D:1      | Reached XP level 1. HP: 18/18 MP: 1/1
   201 | D:1      | Reached XP level 2. HP: 23/25 MP: 2/2
   335 | D:3      | Reached skill level 5 in Axes
   421 | D:3      | Reached XP level 3. HP: 19/30 MP: 3/3
   669 | D:1      | Reached skill level 6 in Axes
   869 | D:1      | Reached XP level 4. HP: 37/37 MP: 4/4
   924 | D:2      | Found a radiant altar of Vehumet.
  1679 | D:2      | Found a deep blue altar of Sif Muna.
  1878 | D:3      | Reached skill level 7 in Axes
  1957 | D:3      | Reached XP level 5. HP: 9/42 MP: 5/5
  2558 | D:3      | Found a basalt altar of Yredelemnul.
  2558 | D:3      | Noticed Purgy
  2575 | D:3      | Killed Purgy
  2575 | D:3      | Reached skill level 8 in Axes
  2687 | D:3      | Reached XP level 6. HP: 50/50 MP: 6/6
  2744 | D:3      | Found a shimmering altar of Xom.
  2900 | D:3      | Noticed Jessica
  2910 | D:3      | Killed Jessica
  3084 | D:3      | Noticed Crazy Yiuf
  3094 | D:3      | Killed Crazy Yiuf
  3094 | D:3      | Reached skill level 9 in Axes
  3415 | D:4      | Noticed trgk's ghost (novice SpEn)
  3545 | D:4      | Killed trgk's ghost
  3545 | D:4      | Reached skill level 10 in Axes
  3545 | D:4      | Reached XP level 7. HP: 31/56 MP: 2/7
  3687 | D:4      | Found a white marble altar of Elyvilon.
  3914 | D:5      | Entered Level 5 of the Dungeon
  4328 | D:4      | Reached skill level 11 in Axes
  4667 | D:5      | Noticed Duvessa
  4674 | D:5      | Noticed Dowan
  4682 | D:5      | Killed Duvessa
  4682 | D:5      | Reached XP level 8. HP: 37/62 MP: 8/8
  4687 | D:5      | Killed Dowan
  4687 | D:5      | Reached skill level 12 in Axes
  4712 | D:4      | HP: 2/62 [orc/club (2)]
  4724 | D:5      | HP: 3/62 [crimson imp (2)]
  4828 | D:5      | Noticed Grinder
  4837 | D:5      | Killed Grinder
  5119 | D:5      | Found Kobigrop's Armour Emporium.
  5182 | D:5      | Reached skill level 1 in Armour
  5795 | D:4      | Found a staircase to the Ecumenical Temple.
  5805 | Temple   | Entered the Ecumenical Temple
  6275 | D:5      | Noticed Edmund
  6305 | D:5      | Killed Edmund
  6710 | D:6      | Reached skill level 5 in Fighting
  6744 | D:6      | Reached XP level 9. HP: 69/74 MP: 3/9
  6788 | D:5      | Noticed Sigmund
  6806 | D:5      | Killed Sigmund
  6904 | D:5      | Reached skill level 5 in Armour
  9299 | Temple   | Became a worshipper of Qazlal Stormbringer
  9564 | D:6      | Reached skill level 1 in Invocations
  9688 | D:7      | Slain by a vampire

Vault maps used:
D:1:      dpeg_arrival_short_road
D:2:      overflow_temple_1_default, lemuel_blue_sif_altar
D:3:      old_standard_altar, old_standard_altar, uniq_crazy_yiuf_cottage,
          uniq_purgy, uniq_jessica
D:4:      elyvilon_altar_1, minmay_temple_entry_hall
D:5:      first_bread, serial_shops, shop_statue, uniq_duvessa, uniq_grinder,
          uniq_edmund, uniq_sigmund
D:7:      minmay_opposing_rooms, uniq_pikel
Temple:   nicolae_temple_hex_pool_5

Skill      XL: |  1  2  3  4  5  6  7  8  9 |
---------------+----------------------------+-----
Axes           | 5 6 7 8 10 11 12 | 12.7
Fighting       | 5 7 |  7.3
Armour         | 4 6 |  6.8
Invocations    | 2 |  2.3
Throwing       | |  1.7
Dodging        | |  2.5

Action                   |  1- 3 |  4- 6 |  7- 9 || total
-------------------------+-------+-------+-------++-------
Melee: War axe           |    61 |   112 |   291 ||   464
       Hand axe          |       |    40 |   143 ||   183
       Quarterstaff      |       |    11 |       ||    11
 Fire: Hunting sling     |    10 |    53 |    57 ||   120
Throw: Stone             |     8 |       |       ||     8
       Javelin           |     6 |     3 |    12 ||    21
       Throwing net      |       |     1 |       ||     1
 Abil: Evoke Berserk Rag |       |     2 |     5 ||     7
  Use: Scroll            |       |     6 |     3 ||     9
       Potion            |       |       |     4 ||     4
  Eat: Chunk             |       |     8 |    24 ||    32
       Pizza             |       |     1 |       ||     1
